[ AOE2 MATCH · #478849210 ]
UnrankedLithuanians vs Portuguese
[ REPLAY ANALYSIS · EXTRACTED FROM THE RECORDED GAME ]
Feudal
9:30
Castle
23:14
Imperial
37:57
| APM avg | 36.2 |
| APM peak | 74 |
| eAPM avg | 22.7 |
| Villagers / military | 225 / 641 |
Focus
⚔️ 48.2% · 🌾 51.8%
Spearman ×262 · Scout Cavalry ×205 · Skirmisher ×116 · Bombard Cannon ×15 · Cavalry Archer ×14 · Mangonel ×9
Feudal
9:36
Castle
21:47
Imperial
35:43
| APM avg | 39.4 |
| APM peak | 79 |
| eAPM avg | 22.1 |
| Villagers / military | 113 / 520 |
Focus
⚔️ 56.4% · 🌾 43.6%
Spearman ×176 · Skirmisher ×173 · Knight ×71 · Bombard Cannon ×35 · Archer ×15 · Organ Gun ×14
Match map
Initial resources + every placement click. Lines = walls · curves = elevation contours. ◆ gold · ⬟ stone · ● berries · ✦ relic · ◌ wall gap
Your base· Open — 8t gap
George Bush II's base· ✓ Closed at 21:47 · 16t walls · 2 gate(s)
Smoothed initial terrain · ◌ = detected wall gap · hover for details
Inputs per minute
— rafał - - George Bush II
Build order — rafał
First 150 of 931 actions detected
| 0:03 | Create | Villager (Male) |
| 0:03 | Create | Villager (Male) |
| 0:03 | Create | Villager (Male) |
| 0:04 | Create | Villager (Male) |
| 0:06 | Build | House |
| 0:08 | Build | House |
| 0:11 | Create | Villager (Male) |
| 0:11 | Create | Villager (Male) |
| 1:49 | Create | Villager (Male) |
| 1:50 | Create | Villager (Male) |
| 2:20 | Create | Villager (Male) |
| 2:20 | Create | Villager (Male) |
| 3:11 | Build | House |
| 3:23 | Build | Lumber Camp |
| 3:33 | Create | Villager (Male) |
| 3:53 | Create | Villager (Male) |
| 3:54 | Create | Villager (Male) |
| 4:26 | Create | Villager (Male) |
| 4:46 | Create | Villager (Male) |
| 5:10 | Create | Villager (Male) |
| 5:20 | Create | Villager (Male) |
| 5:32 | Build | House |
| 6:01 | Research | Loom |
| 6:15 | Create | Villager (Male) |
| 6:41 | Build | Mill |
| 7:20 | Research | Feudal Age |
| 7:47 | Create | Villager (Male) |
| 8:02 | Build | House |
| 8:37 | Build | House |
| 9:15 | Build | Barracks |
| 9:25 | Build | Palisade Wall |
| 9:27 | Build | Palisade Wall |
| 9:28 | Build | Palisade Wall |
| 9:30 | Age | Feudal Age |
| 9:33 | Build | Palisade Wall |
| 9:36 | Create | Villager (Male) |
| 10:15 | Build | Stable |
| 10:24 | Create | Villager (Male) |
| 10:25 | Research | Double-Bit Axe |
| 10:29 | Create | Villager (Male) |
| 10:42 | Build | Palisade Wall |
| 10:46 | Build | Palisade Wall |
| 10:47 | Build | Palisade Wall |
| 10:55 | Build | Farm |
| 10:57 | Create | Villager (Male) |
| 11:03 | Create | Scout Cavalry |
| 11:03 | Create | Scout Cavalry |
| 11:13 | Build | House |
| 11:15 | Build | Palisade Wall |
| 11:20 | Create | Villager (Male) |
| 11:26 | Create | Scout Cavalry |
| 11:33 | Build | Farm |
| 11:34 | Create | Villager (Male) |
| 11:41 | Create | Villager (Male) |
| 12:12 | Build | Farm |
| 12:14 | Build | Farm |
| 12:15 | Build | Farm |
| 12:23 | Build | Farm |
| 12:25 | Build | Farm |
| 12:31 | Create | Villager (Male) |
| 12:51 | Create | Villager (Male) |
| 12:55 | Build | Palisade Wall |
| 13:18 | Create | Villager (Male) |
| 13:39 | Build | Archery Range |
| 13:42 | Build | House |
| 13:44 | Create | Villager (Male) |
| 13:49 | Build | Mining Camp |
| 14:13 | Build | Market |
| 14:39 | Build | Palisade Wall |
| 14:42 | Create | Skirmisher |
| 14:42 | Create | Skirmisher |
| 14:54 | Create | Villager (Male) |
| 15:01 | Build | Farm |
| 15:07 | Create | Villager (Male) |
| 15:24 | Create | Skirmisher |
| 15:25 | Create | Skirmisher |
| 15:30 | Build | Farm |
| 15:31 | Build | Farm |
| 15:32 | Create | Villager (Male) |
| 15:35 | Build | Farm |
| 15:37 | Create | Villager (Male) |
| 15:48 | Build | House |
| 15:50 | Create | Villager (Male) |
| 16:02 | Create | Skirmisher |
| 16:31 | Create | Skirmisher |
| 16:32 | Create | Skirmisher |
| 16:35 | Build | Archery Range |
| 16:44 | Build | Blacksmith |
| 16:46 | Create | Villager (Male) |
| 17:07 | Build | House |
| 17:09 | Build | Palisade Wall |
| 17:13 | Create | Skirmisher |
| 17:26 | Build | Farm |
| 17:29 | Build | Farm |
| 17:50 | Create | Villager (Male) |
| 18:00 | Build | Farm |
| 18:02 | Build | Farm |
| 18:19 | Create | Skirmisher |
| 18:36 | Build | House |
| 18:47 | Build | Farm |
| 19:04 | Build | Palisade Wall |
| 19:17 | Create | Villager (Male) |
| 19:28 | Build | Palisade Wall |
| 19:34 | Build | Farm |
| 20:09 | Create | Villager (Male) ×5 |
| 20:09 | Create | Villager (Male) |
| 20:13 | Research | Castle Age |
| 20:24 | Build | Farm |
| 20:26 | Build | Farm |
| 20:40 | Research | Fletching |
| 21:10 | Build | Farm |
| 21:15 | Research | Gold Mining |
| 21:15 | Research | Stone Mining |
| 21:27 | Create | Villager (Male) ×2 |
| 21:36 | Build | Farm |
| 21:37 | Build | Farm |
| 21:39 | Research | Horse Collar |
| 23:14 | Age | Castle Age |
| 23:18 | Build | Town Center |
| 23:25 | Create | Cavalry Archer |
| 23:26 | Create | Cavalry Archer |
| 23:26 | Create | Cavalry Archer |
| 23:26 | Create | Cavalry Archer |
| 23:26 | Create | Cavalry Archer |
| 23:49 | Build | Monastery |
| 23:59 | Research | Wheelbarrow |
| 24:15 | Build | Lumber Camp |
| 24:16 | Create | Villager (Male) |
| 24:16 | Create | Villager (Male) |
| 24:27 | Create | Monk |
| 24:27 | Create | Monk |
| 24:42 | Create | Cavalry Archer |
| 24:43 | Create | Cavalry Archer |
| 24:48 | Create | Villager (Male) |
| 24:49 | Create | Villager (Male) |
| 25:14 | Create | Villager (Male) ×5 |
| 25:24 | Create | Monk |
| 25:25 | Create | Monk |
| 25:53 | Build | House |
| 26:21 | Build | House |
| 26:22 | Build | House |
| 26:23 | Build | House |
| 26:23 | Build | House |
| 26:26 | Research | Scale Barding Armor |
| 26:27 | Research | Bodkin Arrow |
| 26:31 | Research | Bloodlines |
| 26:31 | Research | Husbandry |
| 26:35 | Build | Archery Range |
| 26:39 | Create | Cavalry Archer |
| 26:39 | Create | Cavalry Archer |
Build order — George Bush II
First 150 of 824 actions detected
| 0:00 | Create | Villager (Male) |
| 0:02 | Build | House |
| 0:03 | Build | House |
| 0:15 | Create | Villager (Male) |
| 0:15 | Create | Villager (Male) |
| 0:15 | Create | Villager (Male) |
| 1:11 | Create | Villager (Male) |
| 1:52 | Build | Lumber Camp |
| 2:00 | Create | Villager (Male) |
| 2:00 | Create | Villager (Male) |
| 2:29 | Create | Villager (Male) |
| 2:29 | Create | Villager (Male) |
| 2:55 | Create | Villager (Male) |
| 3:15 | Create | Villager (Male) |
| 3:19 | Build | House |
| 3:20 | Build | House |
| 3:22 | Build | Palisade Wall |
| 3:34 | Create | Villager (Male) |
| 4:10 | Create | Villager (Male) |
| 4:10 | Create | Villager (Male) |
| 4:25 | Create | Villager (Male) |
| 4:26 | Create | Villager (Male) |
| 5:26 | Build | Mill |
| 5:31 | Create | Villager (Male) |
| 5:37 | Create | Villager (Male) |
| 6:25 | Create | Villager (Male) |
| 6:26 | Create | Villager (Male) |
| 7:16 | Create | Villager (Male) |
| 7:16 | Create | Villager (Male) |
| 7:26 | Research | Feudal Age |
| 7:32 | Build | Mining Camp |
| 7:55 | Build | Barracks |
| 8:55 | Build | Palisade Wall |
| 9:36 | Age | Feudal Age |
| 9:39 | Create | Spearman |
| 9:39 | Create | Spearman |
| 9:43 | Build | Archery Range |
| 9:57 | Create | Villager (Male) |
| 9:57 | Create | Villager (Male) |
| 9:58 | Research | Loom |
| 10:01 | Create | Villager (Male) |
| 10:02 | Research | Double-Bit Axe |
| 10:37 | Build | Blacksmith |
| 10:39 | Build | Palisade Wall |
| 10:46 | Create | Villager (Male) |
| 11:03 | Create | Archer |
| 11:03 | Create | Archer |
| 11:13 | Build | House |
| 11:16 | Create | Villager (Male) |
| 11:20 | Build | House |
| 11:22 | Build | House |
| 11:26 | Build | Palisade Gate |
| 11:27 | Build | Palisade Wall |
| 11:32 | Create | Villager (Male) |
| 11:40 | Create | Spearman |
| 12:12 | Create | Archer |
| 12:15 | Research | Fletching |
| 12:47 | Build | Farm |
| 12:48 | Build | Farm |
| 12:48 | Build | Farm |
| 12:48 | Build | Farm |
| 12:48 | Build | Farm |
| 12:49 | Build | Farm |
| 12:49 | Build | Farm |
| 12:50 | Create | Villager (Male) |
| 12:51 | Create | Villager (Male) |
| 12:59 | Create | Archer |
| 13:09 | Build | Farm |
| 13:10 | Create | Villager (Male) |
| 13:40 | Create | Spearman |
| 13:43 | Build | Palisade Gate |
| 13:47 | Build | Farm |
| 13:48 | Create | Villager (Male) |
| 13:48 | Create | Villager (Male) |
| 14:06 | Create | Archer |
| 14:09 | Research | Scale Mail Armor |
| 14:10 | Create | Villager (Male) |
| 14:13 | Build | Farm |
| 14:15 | Build | Farm |
| 14:15 | Build | Farm |
| 14:15 | Build | Farm |
| 14:16 | Build | Farm |
| 14:16 | Build | Farm |
| 14:36 | Create | Spearman |
| 14:40 | Build | House |
| 14:41 | Build | House |
| 14:50 | Build | Farm |
| 15:05 | Create | Villager (Male) |
| 15:07 | Create | Archer |
| 15:35 | Create | Villager (Male) |
| 15:37 | Research | Horse Collar |
| 15:55 | Create | Spearman |
| 16:02 | Build | Farm |
| 16:02 | Build | Farm |
| 16:02 | Build | Farm |
| 16:03 | Build | Farm |
| 16:03 | Build | Farm |
| 16:05 | Create | Villager (Male) |
| 16:11 | Create | Spearman |
| 16:55 | Create | Spearman |
| 17:00 | Create | Villager (Male) |
| 17:00 | Create | Villager (Male) |
| 17:03 | Build | Farm |
| 17:03 | Build | Farm |
| 17:04 | Build | Farm |
| 17:21 | Create | Archer |
| 17:21 | Create | Archer |
| 17:25 | Build | House |
| 17:25 | Build | House |
| 18:45 | Build | Farm |
| 18:46 | Build | Farm |
| 19:07 | Research | Castle Age |
| 19:44 | Research | Gold Mining |
| 20:16 | Build | Stable |
| 20:34 | Research | Bloodlines |
| 20:45 | Create | Spearman |
| 20:48 | Create | Scout Cavalry |
| 20:53 | Research | Forging |
| 21:40 | Create | Villager (Male) |
| 21:47 | Age | Castle Age |
| 21:50 | Build | Monastery |
| 21:51 | Create | Knight |
| 21:52 | Create | Knight |
| 21:58 | Research | Pikeman (upgrade) |
| 21:59 | Create | Villager (Male) |
| 22:10 | Build | Town Center |
| 22:20 | Build | Mining Camp |
| 22:28 | Create | Knight |
| 22:30 | Create | Monk |
| 23:02 | Create | Villager (Male) |
| 23:50 | Create | Monk |
| 24:01 | Create | Scout Cavalry |
| 24:11 | Create | Villager (Male) |
| 24:11 | Create | Villager (Male) |
| 24:27 | Create | Knight |
| 24:36 | Create | Villager (Male) |
| 24:38 | Create | Villager (Male) |
| 24:43 | Build | Lumber Camp |
| 25:05 | Research | Crossbowman (upgrade) |
| 25:09 | Create | Villager (Male) |
| 25:09 | Create | Villager (Male) |
| 25:23 | Create | Spearman |
| 25:23 | Create | Spearman |
| 25:58 | Create | Villager (Male) |
| 25:59 | Create | Villager (Male) |
| 25:59 | Create | Villager (Male) |
| 25:59 | Create | Villager (Male) |
| 25:59 | Create | Villager (Male) |
| 26:10 | Create | Monk |
| 26:15 | Create | Knight |
Match timeline
| 3:22 | George Bush II · wall_segment Palisade Wall x6 |
| 7:55 | George Bush II · first_building Barracks |
| 8:55 | George Bush II · wall_segment Palisade Wall x1 |
| 9:15 | rafał · first_building Barracks |
| 9:25 | rafał · wall_segment Palisade Wall x3 |
| 9:27 | rafał · wall_segment Palisade Wall x1 |
| 9:28 | rafał · wall_segment Palisade Wall x1 |
| 9:30 | rafał · age_up feudal |
| 9:33 | rafał · wall_segment Palisade Wall x4 |
| 9:36 | George Bush II · age_up feudal |
| 9:43 | George Bush II · first_building Archery Range |
| 10:15 | rafał · first_building Stable |
| 10:39 | George Bush II · wall_segment Palisade Wall x8 |
| 10:42 | rafał · wall_segment Palisade Wall x9 |
| 10:46 | rafał · wall_segment Palisade Wall x1 |
| 10:47 | rafał · wall_segment Palisade Wall x5 |
| 11:15 | rafał · wall_segment Palisade Wall x6 |
| 11:27 | George Bush II · wall_segment Palisade Wall x1 |
| 12:55 | rafał · wall_segment Palisade Wall x7 |
| 13:39 | rafał · first_building Archery Range |
| 14:39 | rafał · wall_segment Palisade Wall x7 |
| 17:09 | rafał · wall_segment Palisade Wall x1 |
| 19:04 | rafał · wall_segment Palisade Wall x1 |
| 19:28 | rafał · wall_segment Palisade Wall x4 |
| 20:16 | George Bush II · first_building Stable |
| 21:47 | George Bush II · age_up castle |
| 21:50 | George Bush II · first_building Monastery |
| 23:14 | rafał · age_up castle |
| 23:37 | rafał · first_market_buy 100 wood |
| 23:49 | rafał · first_building Monastery |
| 29:22 | George Bush II · first_building Siege Workshop |
| 30:31 | George Bush II · first_building Castle |
| 35:36 | rafał · first_building Castle |
| 35:43 | George Bush II · age_up imperial |
| 37:57 | rafał · age_up imperial |
| 38:00 | rafał · first_building Siege Workshop |
| 40:56 | rafał · first_market_sell 100 wood |
| 50:18 | George Bush II · first_market_sell 100 stone |
| 60:04 | George Bush II · first_market_buy 100 stone |
| 70:42 | George Bush II · wall_segment Stone Wall x3 |
| 83:16 | George Bush II · resign |
[ AI ANALYSIS · 1 CREDIT ]
What really happened in this match?
Wolo.gg analyzes every decision: build order, eco, micro, common mistakes by bracket. Personalized analysis on WhatsApp or Discord in 30 seconds.
Civ guide
Lithuanians
Perfil
Jugador #9506540